 Dungeon Crawl Stone Soup version 0.28.0-53-g5a82cb258f (webtiles) character file.

Game seed: 6849294829583185330

37 Sin92 the Skirmisher (level 3, -3/30 HPs)
             Began as a Djinni Fighter on July 1, 2022.
             Slain by a goblin
             ... wielding a +0 dagger
             ... led by Robin
              (5 damage)
             ... on level 2 of the Dungeon.
             The game lasted 00:03:07 (1145 turns).

Sin92 the Skirmisher (Djinni Fighter)               Turns: 1145, Time: 00:03:07

Health: -3/30      AC:  6    Str: 15    XL:     3   Next: 62%
Gold:   37         EV:  9    Int: 11    God:
                   SH:  5    Dex: 18

rFire   + + .      SeeInvis .   a - +0 long sword
rCold   x . .      Faith    +   c - +0 buckler
rNeg    . . .      Spirit   .   b - +0 scale mail
rPois   ∞          Reflect  .   (no helmet)
rElec   .          Harm     .   (no cloak)
rCorr   .          Rampage  .   (no gloves)
Will    .....                   (boots unavailable)
Stlth   ..........              f - amulet of faith
HPRegen 0.10/turn               g - +6 ring of dexterity
MPRegen 0.00/turn               (no ring)

@: flying
A: sickness immunity, fire resistance 2, cold vulnerability 1, float, innate
caster, HP casting, extra vitality 1
a: no special abilities


You were on level 2 of the Dungeon.
You visited 1 branch of the dungeon, and saw 2 of its levels.

You collected 37 gold pieces.

Inventory:

Hand Weapons
 a - a +0 long sword (weapon)
Armour
 b - a +0 scale mail (worn)
 c - a +0 buckler (worn)
Jewellery
 f - an amulet of faith (around neck)
 g - a +6 ring of dexterity (left hand)
Scrolls
 d - a scroll of fog {unknown}
 l - a scroll of identify {unknown}
Potions
 h - a potion of flight {unknown}
 i - a potion of curing {unknown}
 j - a potion of haste {unknown}
 k - a potion of attraction {unknown}


   Skills:
 + Level 3.3 Fighting
 + Level 2.0 Long Blades
 + Level 3.2 Armour
 + Level 1.0 Dodging
 + Level 3.2 Shields
 + Level 0.5 Spellcasting


You had 2 spell levels left.
You knew the following spells:

 Your Spells              Type           Power      Damage    Failure   Level
a - Magic Dart            Conj           4%         1d3       80%         1
Your spell library was empty.

Dungeon Overview and Level Annotations

Branches:
Dungeon (2/15)

Altars:

Annotations:
D:2 Robin


Innate Abilities, Weirdness & Mutations

You are immune to sickness and miasma.
You are immune to poison.
Your flesh is very heat resistant. (rF++)
You are vulnerable to cold. (rC-)
You float through the air rather than walking.
You learn spells naturally, not from books.
Your magical power is your life essence.
You have superior vitality. (+4 MHP)


Message History

A goblin is nearby!
A goblin is nearby!
Unknown command.
Robin of the Strong Arm comes into view.
They are wielding a +0 mace.
You hit the goblin.
The goblin is moderately wounded.
The goblin hits you but does no damage.
Robin roars a battlecry!
The goblin goes into a battle-frenzy!
You closely miss the goblin.
The goblin is moderately wounded.
A goblin comes into view. It is wielding a +0 dagger.
Robin roars a battlecry!
The goblin goes into a battle-frenzy!
The goblin shouts!
You hear a shout!
You hear a shout!
The goblin hits you but does no damage.
A goblin comes into view. It is wielding a +0 dagger.
You barely miss Robin. The goblin hits you with a +0 dagger.
Robin hits you with a +0 mace. The goblin hits you with a +0 dagger.
Robin hits you with a +0 mace.
You closely miss Robin.
A hobgoblin comes into view.
You block the goblin's attack. Robin hits you but does no damage.
You completely miss Robin. The goblin hits you with a +0 dagger.
* * * LOW HITPOINT WARNING * * *
Robin throws the goblin at you! The goblin hits you but does no damage.
The goblin misses you.
You hit Robin but do no damage. The goblin closely misses you.
Robin roars a battlecry!
The goblins go into a battle-frenzy!
The goblin hits you with a +0 dagger.
* * * LOW HITPOINT WARNING * * *
The goblin misses you. The goblin hits you with a +0 dagger.
* * * LOW HITPOINT WARNING * * *
Robin completely misses you. The goblin barely misses you.
As you read the scroll labelled EGANEGRETUR, it crumbles to dust.
You feel aware of your surroundings.
You sensed 1 altar.
It was a scroll of magic mapping.
The goblin hits you with a +0 dagger.
You die...

*,* *,*,* *, *,* *,*,*
*, ####.***,*,***,
#.>..,,,,,,,,,,
#.#.#***,*,***, #.#.#
*,*,***, #.#.# *,*,,,,<
##############.#.#
*,*****,
#....))...g@g....#
*,,,,,,,
#.#######ggg.....#
******,, *#,* #..#####.#
*,, *,,* #..# #.#### *,,
*,** #..# #....## *,,
*,* #..#*###.###.#####,,
*,*
****#................#**
*,*
*,,.......##.....###.#
*,* *gg####.#.###...##
#.#


You could see Robin, a hobgoblin (strong) and 3 goblins.

Vanquished Creatures
  A dart slug (D:1)
  2 endoplasms (D:1)
  4 giant cockroaches (D:1)
  6 goblins
  3 hobgoblins
  2 jackals (D:1)
  3 kobolds
  A quokka (D:1)
  4 frilled lizards (D:1)
  5 rats
31 creatures vanquished.

Notes
Turn   | Place    | Note
-------+----------+-------------------------------------------
     0 | D:1      | Sin92 the Djinni Fighter began the quest for the Orb.
     0 | D:1      | Reached XP level 1. HP: 20/20 MP: 0/0
   117 | D:1      | Reached XP level 2. HP: 19/25 MP: 0/0
   596 | D:1      | Reached XP level 3. HP: 29/30 MP: 0/0
   596 | D:1      | Learned a level 1 spell: Magic Dart
  1123 | D:2      | Reached skill level 1 in Dodging
  1136 | D:2      | Noticed Robin
  1145 | D:2      | Slain by a goblin

Illustrated notes

Levels and vault maps discovered:
D:1:      lemuel_arrival_broad_hall, layout_basic
D:2:      layout_loops_ring, shapermc_ecumenical_altar_hornbeckon,
          roderic_roman_lattice, minmay_indecisive_spiral, uniq_terence,
          uniq_robin

Skill      XL: |  1  2  3 |
---------------+----------+-----
Long Blades    | 2 |  2.0
Dodging        | 1 |  1.0
Fighting       | |  3.3
Armour         | |  3.2
Shields        | |  3.2
Spellcasting   | |  0.5

Action                   || total
-------------------------++-------
Melee: Long sword        ||    86
  Use: Potion            ||     1
       Scroll            ||     1
Armor: Scale mail        ||    41
Dodge: Dodged            ||    39
Block: Buckler           ||    21
